 Dungeon Crawl Stone Soup version 0.31-a0-175-g9f7f995f2b (webtiles) character file.

Game seed: 11840590372078001720

142 qw the Shooter (level 5, -5/49 HPs)
             Began as a Naga Hunter on June 16, 2023.
             Slain by a gnoll
             ... wielding a +0 halberd
              (11 damage)
             ... on level 3 of the Dungeon.
             The game lasted 00:01:15 (1846 turns).

qw the Shooter (Naga Hunter)                        Turns: 1846, Time: 00:01:15

Health: -5/49      AC:  3    Str: 13    XL:     5   Next: 25%
Magic:  5/5        EV:  9    Int: 10    God:
Gold:   43         SH:  0    Dex: 16    Spells: 4/4 levels left

rFire   + . .        m - +0 orcbow
rCold   + . .        (shield currently unavailable)
rNeg    . . .        c - +0 leather armour
rPois   +            (no helmet)
rElec   .            e - scarf {rC+ rF+}
rCorr   .            (no gloves)
SInv    +            (no barding)
Will    .....        i - amulet of regeneration
Stlth   ++           (no ring)
HPRegen 1.08/turn    (no ring)
MPRegen 0.09/turn

%: no passive effects
@: short of breath, very slow
A: AC +1, large, see invisible, deformed body, poison resistance, slowness 2,
spit poison 1, naga tail 1
a: Spit Poison


You were on level 3 of the Dungeon.
You visited 1 branch of the dungeon, and saw 3 of its levels.

You collected 123 gold pieces.
You spent 80 gold pieces at shops.


Innate Abilities, Weirdness & Mutations

Your serpentine skin is tough. (AC +1)
You have supernaturally acute eyesight. (SInv)
Armour fits poorly on your strangely shaped body.
Your system is resistant to poisons. (rPois)
You cover ground very slowly.
You can spit poison.
You have a snake-like lower body.


   Skills:
 - Level 3.3 Fighting
 + Level 5.2 Ranged Weapons
 - Level 1.5 Dodging
 - Level 1.5 Stealth


You had 4 spell levels left.
You didn't know any spells.
Your spell library was empty.

Inventory:

Hand Weapons
 m - a +0 orcbow (weapon)
Armour
 c - a +0 leather armour (worn)
 e - a scarf of resistance (worn)
 f - a +0 helmet
Jewellery
 i - an amulet of regeneration (around neck)
Scrolls
 a - a scroll of identify
 k - a scroll of poison {unknown}
Potions
 b - a potion of enlightenment {unknown}
 d - a potion of heal wounds {unknown}
 g - a potion of haste {unknown}
 h - a potion of berserk rage {unknown}
 j - a potion of brilliance {unknown}
 l - a potion of lignification {unknown}
 n - a potion of invisibility {unknown}

Dungeon Overview and Level Annotations

Branches:
Dungeon (3/15)

Altars:
Xom

Shops:
D:3 ((


Message History

1839 ||| INVOKING Spit Poison.
Aiming: Spit Poison (1% risk of failure)
Press: ? - help, Shift-Dir - straight line, f/p - gnoll The splash of poison hits the gnoll.
The gnoll is poisoned.
The gnoll is almost dead.
The gnoll barely misses you.
A gnoll comes into view. It is wielding a +0 whip.
The gnoll closely misses you.
You shoot an arrow. The gnoll shouts!
The arrow hits the gnoll but does no damage.
The gnoll is almost dead.
The gnoll closely misses you. The gnoll hits you with a +0 whip.
You shoot an arrow. The arrow hits the gnoll.
You kill the gnoll!
The gnoll barely misses you. x2
You shoot an arrow. The arrow completely misses the gnoll.
You have got your breath back.
The gnoll hits you from afar with a +0 halberd!
1843 ||| INVOKING Spit Poison.
Aiming: Spit Poison (1% risk of failure)
Press: ? - help, Shift-Dir - straight line, f/p - gnoll The splash of poison hits the gnoll but does no damage.
The gnoll is poisoned.
The gnoll hits you from afar with a +0 halberd!
You shoot an arrow. The arrow hits the gnoll!
The gnoll is severely wounded.
The gnoll barely misses you.
You shoot an arrow. The arrow barely misses the gnoll.
You have got your breath back.
The gnoll hits you from afar with a +0 halberd!
The gnoll closely misses you.
1846 ||| INVOKING Spit Poison.
Aiming: Spit Poison (1% risk of failure)
Press: ? - help, Shift-Dir - straight line, f/p - gnoll The splash of poison hits the gnoll.
The gnoll is poisoned.
The gnoll is heavily wounded.
The gnoll looks more healthy.
The gnoll hits you from afar with a +0 halberd!
You die...

##.##....% #...).....
.......)# #.......##
#......... #..g....#
##### #.g)....##
#...##########.@.......
#...............###.###
##...##########..###.#
.)......#####..).....#
.............)#..#####
........#######..#
.#...#### #..# .#...#
#..# ##>.?# ...#


You could see 2 gnolls.

Vanquished Creatures
  An orc priest (D:3)
  3 gnolls
  2 worms
  6 orcs
  4 ball pythons
  3 endoplasms (D:1)
  2 giant cockroaches
  10 goblins
  4 hobgoblins
  4 jackals (D:2)
  4 kobolds
  9 quokkas
  6 bats
  4 frilled lizards
  4 rats
66 creatures vanquished.

Notes
Turn   | Place    | Note
-------+----------+-------------------------------------------
     0 | D:1      | qw the Naga Hunter began the quest for the Orb.
     0 | D:1      | Reached XP level 1. HP: 19/19 MP: 1/1
     0 | D:1      | 0 ||| qw: Version: 0.2-a-29-g511e9b1
     0 | D:1      | 0 ||| qw: Game counter: 5648
     0 | D:1      | 0 ||| qw: Always use a shield: true
     0 | D:1      | 0 ||| qw: God list: Okawaru
     0 | D:1      | 0 ||| qw: Allow faded altars: false
     0 | D:1      | 0 ||| qw: Do Orc after D:15 true
     0 | D:1      | 0 ||| qw: Do second Lair branch before Depths: true
     0 | D:1      | 0 ||| qw: Lair rune preference: random
     0 | D:1      | 0 ||| qw: Plans: Normal
     0 | D:1      | 0 ||| PLANNING D:1-11
    66 | D:1      | 66 ||| INVOKING Spit Poison.
    80 | D:1      | 80 ||| INVOKING Spit Poison.
    82 | D:1      | Found a faded altar of an unknown god.
    85 | D:1      | 85 ||| INVOKING Spit Poison.
    88 | D:1      | Reached skill level 4 in Ranged Weapons
    88 | D:1      | Reached XP level 2. HP: 26/26 MP: 2/2
    93 | D:1      | 93 ||| INVOKING Spit Poison.
   110 | D:1      | 110 ||| INVOKING Spit Poison.
   114 | D:1      | 114 ||| INVOKING Spit Poison.
   152 | D:1      | 152 ||| INVOKING Spit Poison.
   172 | D:1      | 172 ||| INVOKING Spit Poison.
   189 | D:1      | 189 ||| INVOKING Spit Poison.
   204 | D:1      | You fall into a shaft and drop 1 floor!
   213 | D:2      | 213 ||| INVOKING Spit Poison.
   245 | D:2      | 245 ||| INVOKING Spit Poison.
   251 | D:2      | 251 ||| INVOKING Spit Poison.
   253 | D:2      | Reached XP level 3. HP: 32/32 MP: 3/3
   257 | D:2      | 257 ||| INVOKING Spit Poison.
   261 | D:2      | 261 ||| INVOKING Spit Poison.
   266 | D:2      | 266 ||| INVOKING Spit Poison.
   287 | D:2      | 287 ||| INVOKING Spit Poison.
   298 | D:2      | 298 ||| INVOKING Spit Poison.
   317 | D:2      | 317 ||| UPGRADING to amulet of guardian spirit.
   322 | D:2      | 322 ||| READING scroll labelled POFOUTHR RA OQO.
   326 | D:2      | 326 ||| READING scroll labelled QOCRES NAOMOS.
   327 | D:2      | 327 ||| DROPPING scroll of butterflies.
   328 | D:2      | 328 ||| Stepping randomly (stuck).
   329 | D:2      | 329 ||| Stepping randomly (stuck).
   330 | D:2      | 330 ||| Stepping randomly (stuck).
   331 | D:2      | 331 ||| Stepping randomly (stuck).
   332 | D:2      | 332 ||| Stepping randomly (stuck).
   333 | D:2      | 333 ||| Stepping randomly (stuck).
   334 | D:2      | 334 ||| Stepping randomly (stuck).
   335 | D:2      | 335 ||| Stepping randomly (stuck).
   336 | D:2      | 336 ||| Stepping randomly (stuck).
   337 | D:2      | 337 ||| Stepping randomly (stuck).
   338 | D:2      | 338 ||| Stepping randomly (stuck).
   339 | D:2      | 339 ||| Stepping randomly (stuck).
   340 | D:2      | 340 ||| Stepping randomly (stuck).
   341 | D:2      | 341 ||| Stepping randomly (stuck).
   342 | D:2      | 342 ||| Stepping randomly (stuck).
   343 | D:2      | 343 ||| Stepping randomly (stuck).
   344 | D:2      | 344 ||| Stepping randomly (stuck).
   345 | D:2      | 345 ||| Stepping randomly (stuck).
   346 | D:2      | 346 ||| Stepping randomly (stuck).
   347 | D:2      | 347 ||| Stepping randomly (stuck).
   348 | D:2      | 348 ||| Stepping randomly (stuck).
   349 | D:2      | 349 ||| Stepping randomly (stuck).
   350 | D:2      | 350 ||| Stepping randomly (stuck).
   351 | D:2      | 351 ||| Stepping randomly (stuck).
   352 | D:2      | 352 ||| Stepping randomly (stuck).
   353 | D:2      | 353 ||| Stepping randomly (stuck).
   354 | D:2      | 354 ||| Stepping randomly (stuck).
   355 | D:2      | 355 ||| Stepping randomly (stuck).
   356 | D:2      | 356 ||| Stepping randomly (stuck).
   357 | D:2      | 357 ||| Stepping randomly (stuck).
   358 | D:2      | 358 ||| Stepping randomly (stuck).
   359 | D:2      | 359 ||| Stepping randomly (stuck).
   360 | D:2      | 360 ||| Stepping randomly (stuck).
   361 | D:2      | 361 ||| Stepping randomly (stuck).
   362 | D:2      | 362 ||| Stepping randomly (stuck).
   363 | D:2      | 363 ||| Stepping randomly (stuck).
   364 | D:2      | 364 ||| Stepping randomly (stuck).
   365 | D:2      | 365 ||| Stepping randomly (stuck).
   366 | D:2      | 366 ||| Stepping randomly (stuck).
   367 | D:2      | 367 ||| Stepping randomly (stuck).
   368 | D:2      | 368 ||| Stepping randomly (stuck).
   369 | D:2      | 369 ||| Stepping randomly (stuck).
   370 | D:2      | 370 ||| Stepping randomly (stuck).
   371 | D:2      | 371 ||| Stepping randomly (stuck).
   372 | D:2      | 372 ||| Stepping randomly (stuck).
   373 | D:2      | 373 ||| Stepping randomly (stuck).
   374 | D:2      | 374 ||| Stepping randomly (stuck).
   375 | D:2      | 375 ||| Stepping randomly (stuck).
   376 | D:2      | 376 ||| Stepping randomly (stuck).
   377 | D:2      | 377 ||| Stepping randomly (stuck).
   378 | D:2      | 378 ||| Stepping randomly (stuck).
   379 | D:2      | 379 ||| Stepping randomly (stuck).
   380 | D:2      | 380 ||| Stepping randomly (stuck).
   381 | D:2      | 381 ||| Stepping randomly (stuck).
   382 | D:2      | 382 ||| Stepping randomly (stuck).
   383 | D:2      | 383 ||| Stepping randomly (stuck).
   384 | D:2      | 384 ||| Stepping randomly (stuck).
   385 | D:2      | 385 ||| Stepping randomly (stuck).
   386 | D:2      | 386 ||| Stepping randomly (stuck).
   387 | D:2      | 387 ||| Stepping randomly (stuck).
   388 | D:2      | 388 ||| Stepping randomly (stuck).
   389 | D:2      | 389 ||| Stepping randomly (stuck).
   390 | D:2      | 390 ||| Stepping randomly (stuck).
   391 | D:2      | 391 ||| Stepping randomly (stuck).
   392 | D:2      | 392 ||| Stepping randomly (stuck).
   393 | D:2      | 393 ||| Stepping randomly (stuck).
   394 | D:2      | 394 ||| Stepping randomly (stuck).
   395 | D:2      | 395 ||| Stepping randomly (stuck).
   396 | D:2      | 396 ||| Stepping randomly (stuck).
   397 | D:2      | 397 ||| Stepping randomly (stuck).
   398 | D:2      | 398 ||| Stepping randomly (stuck).
   399 | D:2      | 399 ||| Stepping randomly (stuck).
   400 | D:2      | 400 ||| Stepping randomly (stuck).
   401 | D:2      | 401 ||| Stepping randomly (stuck).
   402 | D:2      | 402 ||| Stepping randomly (stuck).
   403 | D:2      | 403 ||| Stepping randomly (stuck).
   404 | D:2      | 404 ||| Stepping randomly (stuck).
   405 | D:2      | 405 ||| Stepping randomly (stuck).
   406 | D:2      | 406 ||| Stepping randomly (stuck).
   407 | D:2      | 407 ||| Stepping randomly (stuck).
   408 | D:2      | 408 ||| Stepping randomly (stuck).
   409 | D:2      | 409 ||| Stepping randomly (stuck).
   410 | D:2      | 410 ||| Stepping randomly (stuck).
   411 | D:2      | 411 ||| Stepping randomly (stuck).
   412 | D:2      | 412 ||| Stepping randomly (stuck).
   413 | D:2      | 413 ||| Stepping randomly (stuck).
   437 | D:2      | 437 ||| FLEEEEING.
   438 | D:2      | 438 ||| FLEEEEING.
   439 | D:2      | 439 ||| FLEEEEING.
   442 | D:2      | 442 ||| FLEEEEING.
   443 | D:2      | 443 ||| FLEEEEING.
   444 | D:2      | 444 ||| FLEEEEING.
   445 | D:2      | 445 ||| FLEEEEING.
   446 | D:2      | 446 ||| FLEEEEING.
   447 | D:2      | 447 ||| FLEEEEING.
   448 | D:2      | 448 ||| FLEEEEING.
   449 | D:2      | 449 ||| FLEEEEING.
   450 | D:2      | 450 ||| FLEEEEING.
   451 | D:2      | 451 ||| STAIRDANCE
   460 | D:1      | 460 ||| INVOKING Spit Poison.
   463 | D:1      | 463 ||| INVOKING Spit Poison.
   468 | D:1      | 468 ||| INVOKING Spit Poison.
   550 | D:1      | 550 ||| INVOKING Spit Poison.
   631 | D:1      | 631 ||| INVOKING Spit Poison.
   682 | D:1      | 682 ||| INVOKING Spit Poison.
   713 | D:1      | 713 ||| INVOKING Spit Poison.
   717 | D:1      | 717 ||| INVOKING Spit Poison.
   718 | D:1      | Reached skill level 5 in Ranged Weapons
   723 | D:1      | Reached XP level 4. HP: 39/39 MP: 4/4
   802 | D:1      | 802 ||| UPGRADING to scarf of resistance.
   807 | D:1      | 807 ||| READING scroll labelled IXIDYOLUANAH.
   847 | D:2      | 847 ||| INVOKING Spit Poison.
   848 | D:2      | 848 ||| STAIRDANCE
   916 | D:2      | 916 ||| INVOKING Spit Poison.
   955 | D:2      | 955 ||| INVOKING Spit Poison.
   960 | D:2      | 960 ||| INVOKING Spit Poison.
   963 | D:2      | 963 ||| INVOKING Spit Poison.
  1033 | D:2      | 1033 ||| INVOKING Spit Poison.
  1215 | D:2      | 1215 ||| INVOKING Spit Poison.
  1218 | D:2      | 1218 ||| INVOKING Spit Poison.
  1264 | D:2      | 1264 ||| INVOKING Spit Poison.
  1275 | D:2      | 1275 ||| INVOKING Spit Poison.
  1397 | D:2      | 1397 ||| UPGRADING to amulet of regeneration.
  1407 | D:2      | 1407 ||| DROPPING amulet of guardian spirit.
  1408 | D:2      | 1408 ||| READING scroll labelled CAPUIS ONKAORGH.
  1439 | D:3      | 1439 ||| INVOKING Spit Poison.
  1462 | D:3      | Found a shimmering altar of Xom.
  1465 | D:3      | 1465 ||| INVOKING Spit Poison.
  1484 | D:3      | Found Xytido's Weapon Shop.
  1492 | D:3      | 1492 ||| SHOPLISTING +3 greatsling "Punk" {acid, rCorr}
                  | (438 gold, have 104).
  1514 | D:3      | 1514 ||| INVOKING Spit Poison.
  1552 | D:3      | 1552 ||| INVOKING Spit Poison.
  1703 | D:3      | 1703 ||| INVOKING Spit Poison.
  1753 | D:3      | Found Xicvuphi's Antique Weapon Shop.
  1762 | D:3      | 1762 ||| BUYING orcbow (80 gold).
  1762 | D:3      | Bought an orcbow for 80 gold pieces
  1762 | D:3      | 1762 ||| UPGRADING to +0 orcbow.
  1763 | D:3      | 1763 ||| DROPPING +0 shortbow.
  1774 | D:3      | 1774 ||| INVOKING Spit Poison.
  1777 | D:3      | 1777 ||| INVOKING Spit Poison.
  1781 | D:3      | Reached skill level 3 in Fighting
  1781 | D:3      | Reached XP level 5. HP: 39/49 MP: 5/5
  1811 | D:3      | 1811 ||| INVOKING Spit Poison.
  1816 | D:3      | 1816 ||| INVOKING Spit Poison.
  1828 | D:3      | 1828 ||| INVOKING Spit Poison.
  1833 | D:3      | 1833 ||| INVOKING Spit Poison.
  1836 | D:3      | 1836 ||| INVOKING Spit Poison.
  1839 | D:3      | 1839 ||| INVOKING Spit Poison.
  1843 | D:3      | 1843 ||| INVOKING Spit Poison.
  1845 | D:3      | HP: 5/49 [gnoll/+0 halberd (11)]
  1846 | D:3      | 1846 ||| INVOKING Spit Poison.
  1846 | D:3      | Slain by a gnoll

Levels and vault maps discovered:
D:1:      dpeg_arrival_renting, layout_rooms, dreamdust_ecumenical_altar_statues
D:2:      layout_loops_ring, minmay_stone_trees_small
D:3:      layout_loops_ring, brannock_xom_greatest_gift, slow_altar_2,
          serial_shops, shop, nicolae_shop_gaudy_bauble,
          nicolae_shop_pleasant_corner_grove, shop,
          nicolae_shop_temple_entry_statues_fountains, skrybe_limestone_x

Skill      XL: |  1  2  3  4 |
---------------+-------------+-----
Ranged Weapons | 4 5 |  5.2
Fighting       | 3 |  3.3
Dodging        | |  1.5
Stealth        | |  1.5

Action                     |  1- 3 |  4- 6 || total
---------------------------+-------+-------++-------
   Fire: Shortbow          |    70 |    26 ||    96
         Orcbow            |       |    28 ||    28
Ability: Spit Poison       |    25 |    25 ||    50
    Use: Scroll            |     2 |     2 ||     4
 Armour: Leather armour    |     7 |     4 ||    11
  Dodge: Dodged            |    13 |    26 ||    39

Table legend:
 A = Non-vault XP
 B = Vault XP
 C = Vault XP percentage of total XP
 D = Non-vault monster count
 E = Vault monster count
 F = Vault count percentage of total count
                 A         B        C        D         E       F
            +---------+---------+-------+---------+---------+-------
      Total |     204 |       0 |   0.0 |      66 |       0 |   0.0
            +---------+---------+-------+---------+---------+-------
        D:1 |      63 |       0 |   0.0 |      27 |       0 |   0.0
        D:2 |      47 |       0 |   0.0 |      23 |       0 |   0.0
        D:3 |      94 |       0 |   0.0 |      16 |       0 |   0.0
            +---------+---------+-------+---------+---------+-------
